 Dungeon Crawl Stone Soup version 0.25.1-2-g60ff931df9 (webtiles) character file.

Game seed: 1609337771111073991

114 protoss039 the Magician (level 4, 0/24 HPs)
             Began as a Deep Elf Earth Elementalist on July 31, 2020.
             Killed by nerve-wracking pain
             ... invoked by a shadow imp
              (10 damage)
             ... on level 3 of the Dungeon.
             The game lasted 00:05:23 (3456 turns).

protoss039 the Magician (DEEE)                      Turns: 3456, Time: 00:05:26

Health: 0/24       AC:  4    Str:  5    XL:     4   Next: 66%
Magic:  11/12      EV: 13    Int: 21    God:
Gold:   202        SH:  0    Dex: 15    Spells: 2/12 levels left

rFire    . . .     SeeInvis .   e - +1 short sword (venom)
rCold    . . .     Gourm    .   (no shield)
rNeg     . . .     Faith    .   c - +0 robe
rPois    .         Spirit   .   p - +0 helmet
rElec    .         Reflect  .   h - +0 cloak
rCorr    .         Harm     .   (no gloves)
MR       .....                  (no boots)
Stlth    ++........             (no amulet)
HPRegen  0.08/turn              (no ring)
MPRegen  0.13/turn              (no ring)

@: no status effects
A: no striking features
a: no special abilities


You were on level 3 of the Dungeon.
You were not hungry.

You visited 1 branch of the dungeon, and saw 3 of its levels.

You collected 202 gold pieces.

Inventory:

Hand Weapons
 e - a +1 short sword of venom (weapon)
Missiles
 b - 35 stones (quivered)
Armour
 c - a +0 robe (worn)
 h - a +0 cloak (worn)
 p - a +0 helmet (worn)
Scrolls
 a - 5 scrolls of identify {unknown}
 f - 2 scrolls of magic mapping {unknown}
 g - a scroll of fog {unknown}
 j - 2 scrolls of remove curse {unknown}
 m - a scroll of blinking {unknown}
 q - a scroll of enchant weapon {unknown}
Potions
 i - a potion of flight {unknown}
 k - a potion of cancellation {unknown}
 l - a potion of degeneration {unknown}
 n - 2 potions of brilliance {unknown}
Comestibles
 d - 6 rations
 o - 11 chunks of flesh


   Skills:
 - Level 3.0 Dodging
 - Level 3.0 Stealth
 + Level 4.8 Spellcasting
 - Level 1.1 Transmutations
 + Level 4.6 Earth Magic


You had 2 spell levels left.
You knew the following spells:

 Your Spells              Type           Power        Failure   Level  Hunger
a - Sandblast             Erth           ###...       1%          1    None
b - Passwall              Tmut/Erth      ###.....     5%          2    None
c - Stone Arrow           Conj/Erth      ##....       13%         3    ##.....
d - Petrify               Tmut/Erth      ###.....     34%         4    ####...

Your spell library contained the following spells:

 Spells                   Type           Power        Failure   Level  Hunger
 Lee's Rapid Deconstruct  Erth           ###.......   43%         5    #####..


Dungeon Overview and Level Annotations

Branches:
Dungeon (3/15)

Altars:


Message History

An adder comes into view.
The shadow imp gestures at you. Pain shoots through your body!
Ouch! That really hurt!
You are too injured to fight recklessly!
You are too injured to fight recklessly!
Unknown command.
Unknown command.
Casting: Sandblast (safe; 1% risk of failure)
Confirm with . or Enter, or press ? or * to list all spells.
Aiming: Sandblast (safe; 1% risk of failure)
Press: ? - help, Shift-Dir - straight line, f - hobgoblin
Aim: a hobgoblin, wielding a +0 club The blast of sand hits the hobgoblin!!
You kill the hobgoblin!
b - 35 stones The adder hisses angrily.
The shadow imp gestures at you. Pain shoots through your body!
You die...

.).... # #..#.#.#
#..#...... #.
#..#.#.###..#.##...
##.###.......##..#.##...
........#.#......#....>.
#......#....##..#......
#S.......#..##..#......
#...........##†........
+...5)@.....##.........
#.....#..........÷.....
.......+................
.......#..?..###.#......
.##....##+#### #.#......
#.... .......#. #....
........#. #....
.###..##.#. .. .........


You could see an adder and a shadow imp.

Vanquished Creatures
  2 adders
  4 worms (D:2)
  2 dart slugs
  3 leopard geckos
  An orc (D:3)
  12 bats
  5 giant cockroaches
  10 goblins
  5 hobgoblins
  10 jackals (D:1)
  7 kobolds
  A quokka (D:3)
  2 frilled lizards (D:1)
  4 rats
68 creatures vanquished.

Notes
Turn   | Place    | Note
-------+----------+-------------------------------------------
     0 | D:1      | protoss039 the Deep Elf Earth Elementalist began the quest
                  | for the Orb.
     0 | D:1      | Reached XP level 1. HP: 10/10 MP: 6/6
   332 | D:1      | Reached XP level 2. HP: 9/15 MP: 5/8
   761 | D:1      | Reached XP level 3. HP: 17/19 MP: 9/9
  2255 | D:2      | Reached XP level 4. HP: 19/24 MP: 10/12
  2262 | D:2      | Learned a level 2 spell: Passwall
  2266 | D:2      | Learned a level 3 spell: Stone Arrow
  2271 | D:2      | Learned a level 4 spell: Petrify
  3456 | D:3      | Killed from afar by a shadow imp

Illustrated notes

Levels and vault maps discovered:
D:1:      lightli_arrival_windingriver, layout_loops_ring, st_stairs_4,
          minmay_pentomino_s4
D:2:      layout_loops_corners, serial_aquarium, aquarium_bridge_square
          [aquarium_subvault_window, aquarium_subvault_window,
          aquarium_subvault_window, aquarium_subvault_bridge],
          aquarium_bridge_square [aquarium_subvault_wall,
          aquarium_subvault_bridge, aquarium_subvault_bridge,
          aquarium_subvault_bridge], aquarium_window_fake,
          aquarium_window_corridor_1, aquarium_view_2c, aquarium_pool_2
D:3:      layout_basic, first_ration

Skill      XL: |  1  2  3 |
---------------+----------+-----
Stealth        | 3 |  3.0
Dodging        | 3 |  3.0
Earth Magic    | 4 |  4.6
Spellcasting   | 4 |  4.8
Transmutations | |  1.1

Action                   |  1- 3 |  4- 6 || total
-------------------------+-------+-------++-------
Melee: Unarmed           |     7 |       ||     7
       Short sword       |    98 |    42 ||   140
 Cast: Sandblast         |    28 |     6 ||    34
  Use: Potion            |     1 |       ||     1
 Stab: Sleeping          |     6 |     2 ||     8
  Eat: Chunk             |     4 |     4 ||     8
Armor: Robe              |    26 |    13 ||    39
Dodge: Dodged            |   109 |    26 ||   135
